 Dungeon Crawl Stone Soup version 0.29-a0-275-g389c0b56f3 (webtiles) character file.

Game seed: 15041407584149828405

125 sanka the Ducker (level 5, 0/42 HPs)
             Began as a Gnoll Monk on Mar 11, 2022.
             Was a Believer of Ru.
             Killed by divine providence
             ... invoked by an orc priest
              (16 damage)
             ... on level 3 of the Dungeon.
             The game lasted 00:04:08 (2438 turns).

sanka the Ducker (Gnoll Monk)                       Turns: 2438, Time: 00:04:08

Health: 0/42       AC:  2    Str: 12    XL:     5   Next: 9%
Magic:  7/7        EV: 15    Int: 16    God:    Ru [**....]
Gold:   170        SH:  0    Dex: 14    Spells: 6/6 levels left

rFire   . . .      SeeInvis +   a - +2 hand axe (vorpal)
rCold   . . .      Faith    .   (no shield)
rNeg    . . .      Spirit   .   b - +0 robe
rPois   .          Reflect  .   (no helmet)
rElec   .          Harm     .   (no cloak)
rCorr   .          Rampage  .   (no gloves)
Will    .....                   (no boots)
Stlth   +++.......              (no amulet)
HPRegen 0.14/turn               l - ring of see invisible
MPRegen 0.10/turn               i - +6 ring of intelligence

@: no status effects
A: fangs 1, frail 1, strong nose, distributed training
a: Renounce Religion


You were on level 3 of the Dungeon.
You worshipped Ru.
Ru was pleased with you.
You visited 1 branch of the dungeon, and saw 3 of its levels.

You collected 170 gold pieces.


Innate Abilities, Weirdness & Mutations

You have very sharp teeth.
You are frail. (-10% HP)
Your uncanny sense of smell can sniff out nearby items.
Your experience applies equally to all skills.


   Skills:
 + Level 6.6 Fighting
 + Level 1.3 Short Blades
 + Level 1.3 Long Blades
 + Level 6.6 Axes
 + Level 1.3 Maces & Flails
 + Level 1.3 Polearms
 + Level 1.3 Staves
 + Level 1.3 Slings
 + Level 1.3 Bows
 + Level 1.3 Crossbows
 + Level 1.3 Throwing
 + Level 1.3 Armour
 + Level 6.6 Dodging
 + Level 4.3 Stealth
 + Level 1.3 Shields
 + Level 1.3 Unarmed Combat
 + Level 1.3 Spellcasting
 + Level 1.1 Conjurations
 + Level 1.1 Hexes
 + Level 1.1 Summonings
 + Level 1.1 Necromancy
 + Level 1.1 Translocations
 + Level 1.1 Transmutations
 + Level 1.1 Fire Magic
 + Level 1.1 Ice Magic
 + Level 1.1 Air Magic
 + Level 1.1 Earth Magic
 + Level 1.1 Poison Magic
 + Level 1.5 Invocations
 + Level 1.3 Evocations


You had 6 spell levels left.
You didn't know any spells.
Your spell library contained the following spells:

 Spells                   Type           Power      Damage    Failure   Level
 Animate Skeleton         Necr           8%         N/A       14%         1
 Apportation              Tloc           8%         N/A       14%         1
 Summon Small Mammal      Summ           16%        N/A       14%         1

Inventory:

Hand Weapons
 a - a +2 vorpal hand axe (weapon)
Armour
 b - a +0 robe (worn)
Jewellery
 i - a +6 ring of intelligence (right hand)
 l - a ring of see invisible (left hand)
Scrolls
 h - a scroll of noise {unknown}
 j - a scroll of teleportation {unknown}
 m - a scroll of amnesia {unknown}
 o - a scroll of identify {unknown}
 p - a scroll of fog {unknown}
 q - a scroll of magic mapping {unknown}
Potions
 c - a potion of ambrosia
 d - a potion of invisibility {unknown}
 e - a potion of magic {unknown}
 f - 5 potions of curing {unknown}
 g - 3 potions of might {unknown}
 k - a potion of flight {unknown}
 n - 2 potions of attraction {unknown}
 r - 2 potions of heal wounds {unknown}

Dungeon Overview and Level Annotations

Branches:
Dungeon (3/15)

Altars:
Ru

▒...+...▒ ▒.▒ ▒.▒ ▒..
▒...▒▒▒.▒ ▒.▒ ▒.▒ ▒..
▒..o▒...▒ ▒.▒▒▒▒▒▒▒▒.▒
▒..
▒▒▒o▒.▒▒▒▒▒.▒.......>▒
▒.. ▒.▒...........▒▒▒▒▒▒
▒▒▒ ▒.▒▒..........▒
▒▒▒▒▒▒▒
▒.▒▒..........▒▒▒▒......
▒.▒▒▒▒▒...▒+▒.▒.▒.▒.▒.▒.
▒.▒▒▒▒▒g..+▒.▒.▒.▒.▒.▒.▒
▒....lo).<▒†▒.▒.▒.▒.▒.▒.
▒▒▒▒▒▒▒....▒.▒.▒.▒.▒.▒.▒
▒▒▒.▒.▒.▒.▒.▒.▒.▒.
▒.▒.▒.▒.▒.▒.▒.▒.▒
▒▒.▒.▒.▒.▒.▒.▒.▒.
▒.▒.▒.▒.▒)▒.▒.▒.▒
▒▒.▒.▒.▒.▒.▒.▒.▒.
▒.▒.▒.▒.▒.▒.▒.▒.▒


You could see an orc priest and a frilled lizard.


Message History

The orc hits you with a +0 hand axe. The orc priest barely misses you.
You closely miss the orc priest.
The orc priest is severely wounded.
You hit the orc.
You kill the orc!
The orc priest closely misses you.
Unknown command.
You closely miss the orc priest.
The orc priest is severely wounded.
The orc priest mumbles some strange prayers to Beogh against you.
Pain shoots through your body!
You barely miss the orc priest.
The orc priest is severely wounded.
The orc priest is stunned by your conviction and fails to attack.
You hit the orc priest.
The orc priest is almost dead.
The orc priest barely misses you.
You closely miss the orc priest. Your bite misses the orc priest.
The orc priest is almost dead.
The orc priest calls down the wrath of Beogh upon you.
Beogh smites you!
* * * LOW HITPOINT WARNING * * *
You barely miss the orc priest.
You bite the orc priest, but do no damage.
The orc priest is almost dead.
The orc priest invokes the aid of Beogh against you.
Beogh smites you!
You die...

Action                   |  1- 3 |  4- 6 || total
-------------------------+-------+-------++-------
Melee: Hand axe          |   104 |    71 ||   175
       Bite              |     5 |    10 ||    15
       Punch             |     1 |     2 ||     3
Invok: Sacrifice Health  |     1 |       ||     1
 Stab: Distracted        |     2 |       ||     2
       Sleeping          |     8 |    11 ||    19
Armor: Robe              |     8 |     3 ||    11
Dodge: Dodged            |    68 |    41 ||   109

Levels and vault maps discovered:
D:1:      doesnt_arrival_eight_statues, layout_basic,
          shapermc_ecumenical_altar_gd, dk_noncrumbling_4,
          minmay_rat_gold_closets
D:2:      layout_loops_ring
D:3:      layout_basic

Notes
Turn   | Place    | Note
-------+----------+-------------------------------------------
     0 | D:1      | sanka the Gnoll Monk began the quest for the Orb.
     0 | D:1      | Reached XP level 1. HP: 23/23 MP: 1/1
   118 | D:1      | Reached XP level 2. HP: 29/29 MP: 2/2
   230 | D:1      | Found a faded altar of an unknown god.
   245 | D:1      | Prayed at the altar of an unknown god.
   245 | D:1      | Became a worshipper of Ru the Awakened
   262 | D:1      | Gained mutation: You are frail. (-10% HP) [Ru sacrifice]
   262 | D:1      | Reached * piety under Ru
   262 | D:1      | Reached ** piety under Ru
   471 | D:1      | Reached XP level 3. HP: 31/31 MP: 3/3
   901 | D:2      | Reached skill level 1 in Invocations
  1088 | D:2      | Reached skill level 1 in Short Blades
  1088 | D:2      | Reached skill level 1 in Long Blades
  1088 | D:2      | Reached skill level 1 in Maces & Flails
  1088 | D:2      | Reached skill level 1 in Polearms
  1088 | D:2      | Reached skill level 1 in Staves
  1088 | D:2      | Reached skill level 1 in Slings
  1088 | D:2      | Reached skill level 1 in Bows
  1088 | D:2      | Reached skill level 1 in Crossbows
  1088 | D:2      | Reached skill level 1 in Throwing
  1088 | D:2      | Reached skill level 1 in Armour
  1088 | D:2      | Reached skill level 1 in Shields
  1088 | D:2      | Reached skill level 1 in Unarmed Combat
  1088 | D:2      | Reached skill level 1 in Spellcasting
  1088 | D:2      | Reached skill level 1 in Evocations
  1088 | D:2      | Reached XP level 4. HP: 33/36 MP: 5/5
  1838 | D:3      | Reached skill level 1 in Conjurations
  1838 | D:3      | Reached skill level 1 in Hexes
  1838 | D:3      | Reached skill level 1 in Summonings
  1838 | D:3      | Reached skill level 1 in Necromancy
  1838 | D:3      | Reached skill level 1 in Translocations
  1838 | D:3      | Reached skill level 1 in Transmutations
  1838 | D:3      | Reached skill level 1 in Fire Magic
  1838 | D:3      | Reached skill level 1 in Ice Magic
  1838 | D:3      | Reached skill level 1 in Air Magic
  1838 | D:3      | Reached skill level 1 in Earth Magic
  1838 | D:3      | Reached skill level 1 in Poison Magic
  2189 | D:3      | Reached XP level 5. HP: 41/42 MP: 6/6
  2438 | D:3      | Killed from afar by an orc priest

Vanquished Creatures
  6 adders
  A worm (D:3)
  A dart slug (D:2)
  An orc (D:3)
  4 ball pythons
  6 endoplasms
  4 giant cockroaches
  3 goblins
  6 hobgoblins
  6 kobolds
  2 quokkas (D:3)
  5 bats
  6 frilled lizards
  13 rats
64 creatures vanquished.

Vanquished Creatures (others)
  A worm (D:2)
  6 demonic plants (D:1)
  2 fungi (D:1)
  4 plants (D:1)
  2 withered plants (D:1)
15 creatures vanquished.

Grand Total: 79 creatures vanquished
